 Dungeon Crawl Stone Soup version 0.16-a0-2675-g216447c (console) character file.

32 utis the Chiller (level 3, 19/19 HPs)
             Began as a Deep Elf Ice Elementalist on Nov 24, 2014.
             Quit the game on level 2 of the Dungeon.
             The game lasted 00:04:51 (1650 turns).

utis the Chiller (Deep Elf Ice Elementalist)        Turns: 1650, Time: 00:04:51

Health: 19/19      AC:  2    Str:  6    XL:     3   Next: 10%
Magic:  10/10      EV: 13    Int: 19    God:
Gold:   88         SH:  0    Dex: 15    Spells: 1 memorised, 7 levels left

rFire  . . .     SeeInvis .     (no weapon)
rCold  . . .     Clarity  .     a - +0 robe
rNeg   . . .     SustAb   .     (no shield)
rPois  .         Gourm    .     (no helmet)
rElec  .         Spirit   .     (no cloak)
rCorr  .         Warding  .     (no gloves)
rMut   .         Stasis   .     (no boots)
MR     .....                    (no amulet)
Stlth  ++........               (no ring)
                                (no ring)

@: not resistant to hostile enchantments, unstealthy
A: no striking features
a: no special abilities


You were on level 2 of the Dungeon.
You were not hungry.

You visited 1 branch of the dungeon, and saw 2 of its levels.

You collected 88 gold pieces.

Inventory:

Missiles
 e - 79 stones (quivered)
 g - 21 poisoned needles
 n - 2 javelins
 s - 24 sling bullets
Armour
 a - a +0 robe (worn)
Jewellery
 j - an uncursed ring of protection from magic {unknown}
Scrolls
 f - 2 scrolls of teleportation {!r}
 h - a scroll of recharging {unknown}
 l - a scroll of fear {unknown}
 o - a scroll of enchant weapon {unknown}
Potions
 d - a potion of lignification
 i - a potion of heal wounds
 p - a potion of curing {unknown}
 q - a potion of degeneration {unknown}
Books
 b - a book of Frost

   Spells                             Type                      Level
   *Freeze                            Ice                          1
   Throw Frost                        Conjuration/Ice              2
   Ozocubu's Armour                   Charms/Ice                   3
   Throw Icicle                       Conjuration/Ice              4
   Summon Ice Beast                   Ice/Summoning                4
   Condensation Shield                Ice                          4
Comestibles
 c - a bread ration
 m - a beef jerky
 r - a slice of pizza


   Skills:
 - Level 2.4 Dodging
 - Level 2.4 Stealth
 - Level 3.0 Spellcasting
   Level 1.1 Conjurations
 + Level 4.7 Ice Magic


You had 7 spell levels left.
You knew the following spells:

 Your Spells              Type           Power        Failure   Level  Hunger
a - Freeze                Ice            ###.         2%          1    None


Dungeon Overview and Level Annotations

Branches:
Dungeon (2/15)

Altars:


Message History

The worm is severely wounded.
Casting: Freeze
Confirm with . or Enter, or press ? or * to list all spells.
Aiming: Freeze
Press: ? - help, Shift-Dir - straight line, f/p - worm
Aim: a worm (severely wounded)
You freeze the worm.
You kill the worm!
You have reached level 3!
Your experience leads to an increase in your attributes!
Increase (S)trength, (I)ntelligence, or (D)exterity?
You feel stronger.
You start resting.
All of the chunks of flesh in your inventory have rotted away.
You start resting.
Magic restored.
Search for what [? for help]? leather Can't find anything matching that.
Unknown command.
Are you sure you want to abandon this character and quit the game? (Confirm with "yes".)

+.....➘▓▓.▓▓......▓..........
▓...▓➘▓▓.▓ .....▓......▓.▓▓
▓.....➘..▓ ...▓......▓.▓ .
▓...▓.▓➘.▓▓▓▓▓▓▓.▓......▓.▓ .
▓▓▓..▓..............%....▓.▓ .
▓▓.........▓▓▓▓▓▓.▓.▓▓▓▓'▓▓.▓▓▓.
▓▓...............▓.▓..▓ ▓.▓▓.....
.......)..........▓▓.▓▓▓.▓▓....▓
▓..........▓▓▓▓e▓.▓............▓
▓..▓▓.▓.▓▓▓▓▓▓▓.▓............<.▓
▓▓..▓▓.▓.▓▓▓▓......▓.▓.▓▓.▓▓▓....
...................▓.▓..▓.▓▓.....
.▓..▓▓.▓.▓▓▓▓.▓▓.....▓▓.▓.▓▓.....
.▓...................▓▓...▓▓...▓▓
.......▓.▓....▓▓.▓.▓.▓▓▓..▓▓▓▓▓▓
....▓..▓.........<.......>▓
.....................▓▓▓▓▓▓


There were no monsters in sight!

Vanquished Creatures
  2 worms (D:2)
  2 giant geckos
  An ooze (D:1)
  2 goblins (D:1)
  2 hobgoblins
  3 kobolds
  5 bats (D:1)
  2 rats (D:1)
19 creatures vanquished.

Notes
Turn   | Place    | Note
--------------------------------------------------------------
     0 | D:1      | utis, the Deep Elf Ice Elementalist, began the quest for the Orb.
     0 | D:1      | Reached XP level 1. HP: 10/10 MP: 5/5
   402 | D:1      | Reached XP level 2. HP: 15/15 MP: 6/8
   443 | D:1      | Reached skill level 4 in Ice Magic
  1594 | D:2      | Reached XP level 3. HP: 19/19 MP: 3/10
  1650 | D:2      | Quit the game

Action                   || total
-------------------------++-------
Melee: Unarmed           ||     1
Throw: Stone             ||    12
 Cast: Freeze            ||    37
  Use: Scroll            ||     3
  Eat: Chunk             ||     2
